 Dungeon Crawl Stone Soup version 0.29.0 (webtiles) character file.

Game seed: 1906835954675327199

89 mattm the Trooper (level 4, -1/44 HPs)
             Began as a Hill Orc Fighter on Sept 11, 2022.
             Slain by an orc
             ... wielding a +0 mace
              (6 damage)
             ... on level 3 of the Dungeon.
             The game lasted 00:03:22 (1735 turns).

mattm the Trooper (Hill Orc Fighter)                Turns: 1735, Time: 00:03:22

Health: -1/44      AC:  7    Str: 20    XL:     4   Next: 55%
Magic:  4/4        EV:  9    Int:  8    God:
Gold:   78         SH:  4    Dex: 10    Spells: 3/3 levels left

rFire   . . .      SeeInvis .   a - +0 war axe
rCold   + . .      Faith    .   c - +0 buckler
rNeg    . . .      Spirit   .   b - +0 scale mail
rPois   +          Reflect  .   (no helmet)
rElec   .          Harm     .   (no cloak)
rCorr   .          Rampage  .   (no gloves)
Will    .....                   (no boots)
Stlth   ..........              (no amulet)
HPRegen 0.14/turn               i - ring of protection from cold
MPRegen 0.09/turn               m - ring of poison resistance

@: mighty
A: no striking features
a: no special abilities


You were on level 3 of the Dungeon.
You visited 1 branch of the dungeon, and saw 3 of its levels.

You collected 78 gold pieces.

Inventory:

Hand Weapons
 a - a +0 war axe (weapon)
Missiles
 n - 2 boomerangs (quivered)
Armour
 b - a +0 scale mail (worn)
 c - a +0 buckler (worn)
Jewellery
 i - a ring of protection from cold (left hand)
 m - a ring of poison resistance (right hand)
Scrolls
 e - a scroll of blinking {unknown}
 g - 5 scrolls of identify {unknown}
 h - 2 scrolls of magic mapping {unknown}
 k - a scroll of acquirement {unknown}
 o - a scroll of poison {unknown}
 p - a scroll of amnesia {unknown}
 s - a scroll of vulnerability {unknown}
Potions
 d - 2 potions of might
 f - a potion of curing {unknown}
 j - a potion of heal wounds {unknown}
 l - a potion of flight {unknown}
 q - a potion of resistance {unknown}
 r - a potion of invisibility {unknown}


   Skills:
 - Level 6.0 Fighting
 - Level 2.6 Axes
 + Level 3.7 Armour
 - Level 3.2 Shields


You had 3 spell levels left.
You didn't know any spells.
Your spell library contained the following spells:

 Spells                   Type           Power      Damage    Failure   Level
 Freeze                   Ice            0%         1d3       85%         1


Dungeon Overview and Level Annotations

Branches:
Dungeon (3/15)

Altars:
Xom


Message History

The orc wizard shouts!
You hit the orc.
The orc is lightly wounded.
The orc hits you with a +0 club.
The orc priest mumbles some strange prayers to Beogh against you.
Beogh smites you!
You are too injured to fight recklessly!
You are too injured to fight recklessly!
You are too injured to fight recklessly!
You are too injured to fight recklessly!
You are too injured to fight recklessly!
You closely miss the orc.
The orc is lightly wounded.
The orc barely misses you. The orc hits you but does no damage.
You feel very mighty all of a sudden. The orc hits you but does no damage.
The orc priest closely misses you.
You are too injured to fight recklessly!
You are too injured to fight recklessly!
You are too injured to fight recklessly!
You barely miss the orc.
The orc is lightly wounded.
You slash the orc priest! The orc hits you with a +0 club.
* * * LOW HITPOINT WARNING * * *
The orc priest calls down the wrath of Beogh upon you.
Pain shoots through your body!
* * * LOW HITPOINT WARNING * * *
The orc wizard casts a spell.
The orc wizard flickers and vanishes!
Deactivating autopickup; reactivate with Ctrl-A.
You slash the orc!
You kill the orc!
You slash the orc priest!
You kill the orc priest!
Training target 6.0 for Fighting reached!
Your Fighting skill increases to level 6!
You need to enable at least one skill for training.
You hear some strange, mumbled words.
Something tries to affect you, but you resist.
You closely miss the orc. The orc hits you with a +0 mace.
You die...

#...#......#...≈≈..# _..
#.......#..#.......#....
#.#.#......#............
#..........#...#..##...
.#..........#.#.†.##
.......<....#.#.######.
....#.##....))#........
. # #..#o#.#.##.###.
#.#####@#.#.# #
..........#.#
#######.###.# #.....#
#.##### ###


You could see an orc.

Vanquished Creatures
  An orc priest (D:3)
  2 adders (D:2)
  2 dart slugs (D:2)
  An orc (D:3)
  3 endoplasms (D:1)
  A giant cockroach (D:1)
  3 goblins
  A hobgoblin (D:1)
  4 jackals (D:1)
  4 kobolds (D:1)
  3 quokkas
  6 ball pythons
  2 bats (D:1)
  3 frilled lizards (D:1)
  A rat (D:2)
37 creatures vanquished.

Vanquished Creatures (others)
  A fungus (D:1)
  9 plants
10 creatures vanquished.

Grand Total: 47 creatures vanquished

Notes
Turn   | Place    | Note
-------+----------+-------------------------------------------
     0 | D:1      | mattm the Hill Orc Fighter began the quest for the Orb.
     0 | D:1      | Reached XP level 1. HP: 19/19 MP: 1/1
    54 | D:1      | Found a faded altar of an unknown god.
    70 | D:1      | Reached skill level 4 in Fighting
   113 | D:1      | You fall into a shaft and drop 1 floor!
   142 | D:1      | Got Plato's Omnibus of the Chill
   294 | D:1      | Reached XP level 2. HP: 25/27 MP: 2/2
   807 | D:1      | Reached XP level 3. HP: 30/35 MP: 3/3
   809 | D:1      | Reached skill level 5 in Fighting
  1574 | D:2      | Reached XP level 4. HP: 42/44 MP: 4/4
  1703 | D:3      | Found a shimmering altar of Xom.
  1732 | D:3      | Reached skill level 6 in Fighting
  1735 | D:3      | Slain by an orc

Illustrated notes

Levels and vault maps discovered:
D:1:      matt_arrival_los_fun, layout_rooms,
          shapermc_ecumenical_altar_rom_forum, minivault_11,
          corexii_corridor_pit, serial_bayou_pond_a
D:2:      layout_loops_ring, amcnicky_mini_corridor_feature
D:3:      layout_basic, mainiacjoe_overflow_chevrons, hangedman_decor_lopped,
          serial_bayou_lagoon_a, kennysheep_generic_room_8

Skill      XL: |  1  2  3  4 |
---------------+-------------+-----
Fighting       | 4 5 6 |  6.0
Axes           | |  2.6
Armour         | |  3.7
Shields        | |  3.2

Action                   |  1- 3 |  4- 6 || total
-------------------------+-------+-------++-------
Melee: War axe           |    99 |     6 ||   105
Throw: Boomerang         |    10 |       ||    10
  Use: Potion            |       |     1 ||     1
Armor: Scale mail        |    54 |     3 ||    57
Dodge: Dodged            |    56 |     3 ||    59
Block: Buckler           |    29 |     1 ||    30
